 Dungeon Sprint DCSS version 0.16.2-2-g470672f (webtiles) character file.

35 ericwiseman123 the Ruffian (level 3, -4/39 HPs)
             Began as a Troll Berserker on Aug 30, 2015.
             Was an Elder of Trog.
             Slain by an iron imp (9 damage)
             ... in the Dungeon (Sprint VII: "The Pits").
             The game lasted 00:00:47 (116 turns).

ericwiseman123 the Ruffian (Troll Berserker)         Turns: 116, Time: 00:00:47

Health: -4/39      AC:  5    Str: 26    XL:     3   Next: 16%
Magic:  2/2        EV: 10    Int:  3    God:    Trog [****..]
Gold:   0          SH:  0    Dex:  9    Spells: 0 memorised, 2 levels left

rFire  . . .     SeeInvis .       - Unarmed
rCold  . . .     Clarity  .     b - +0 animal skin
rNeg   . . .     SustAb   .     (shield restricted)
rPois  .         Gourm    +     (helmet restricted)
rElec  .         Spirit   .     (no cloak)
rCorr  .         Warding  .     (gloves unavailable)
rMut   .         NoTele   +     (boots unavailable)
MR     .....                    (no amulet)
Stlth  +.........               (no ring)
                                (no ring)

@: not resistant to hostile enchantments, very unstealthy
A: unfitting armour, claws 3, fast metabolism 3, gourmand, regeneration 2,
shaggy fur 1, tough skin 2
a: Burn Spellbooks, Berserk, Trog's Hand, Brothers in Arms, Renounce Religion


You were in the Dungeon.
You worshipped Trog.
Trog was greatly pleased with you.
You were not hungry.

You visited 1 branch

Inventory:

Missiles
 n - 10 stones (quivered)
Armour
 b - a +0 animal skin (worn)
Scrolls
 h - a scroll of blinking
 l - 3 scrolls of remove curse
 m - a scroll of summoning
Potions
 c - a potion of curing
 d - a potion of heal wounds
 e - a potion of haste
 f - 4 potions of magic
 g - 3 potions of berserk rage
 k - 2 potions of invisibility
Comestibles
 a - 9 meat rations
 i - 40 fruits
 j - 7 bread rations


   Skills:
 + Level 4.0 Fighting
 + Level 2.2 Armour
 + Level 2.3 Dodging
 + Level 4.9 Unarmed Combat


You had 2 spell levels left.
You didn't know any spells.

Dungeon Overview and Level Annotations

Branches:
Dungeon (1/1)

Altars:
Ashenzari
Cheibriados
Dithmenos
Elyvilon
Fedhas
Kikubaaqudgha
Makhleb
Nemelex Xobeh
Okawaru
Ru
Sif Muna
Trog
Vehumet
Xom
Yredelemnul
Zin
The Shining One
Beogh
Jiyva
Lugonu


Innate Abilities, Weirdness & Mutations

You are too large for most types of armour.
You have claws for hands.
Your metabolism is lightning-fast.
You like to eat raw meat.
You heal very quickly.
You are covered in fur (AC +1).
You have very tough skin (AC +2).


Message History

You have reached level 3!
Your experience leads to an increase in your attributes!
Increase (S)trength, (I)ntelligence, or (D)exterity?
You feel stronger. x2
The iron imp hits you.
You claw the ooze!
The ooze is severely wounded.
The iron imp hits you.
* * * LOW HITPOINT WARNING * * *
You claw the ooze!
You kill the ooze!
Trog accepts your kill.
You can now call in reinforcements.
The iron imp closely misses you.
There is a large open door here.
Things that are here:
a halberd; a gnoll corpse The iron imp hits you.
* * * LOW HITPOINT WARNING * * *
The iron imp hits you!
You die...

#)))#.#?|##......#..
#######'#####.........
#..........)'.........
#+#####'#####......#..
#..#...'.##.........
#..#...#.#####'#####
#..#####.##.......#
#..5...#.##.......#
#..@)..'.##.......#
#..########...<...#
#..+ #.......# #..#
#.......# ####
#.......# #########


You could see an iron imp.

Vanquished Creatures
  A gnoll (D)
  An adder (D)
  2 giant eyeballs (D)
  An ooze (D)
  An orc (D)
  A hobgoblin (D)
  A kobold (D)
8 creatures vanquished.

Notes
Turn   | Place    | Note
--------------------------------------------------------------
     0 | D        | ericwiseman123, the Troll Berserker, began the quest for the Orb.
     0 | D        | Reached XP level 1. HP: 22/22 MP: 1/1
    32 | D        | Found a sacrificial altar of Ru.
    32 | D        | Found a basalt altar of Yredelemnul.
    32 | D        | Found a shadowy altar of Dithmenos.
    32 | D        | Found a deep blue altar of Sif Muna.
    32 | D        | Found a burning altar of Makhleb.
    32 | D        | Found a shimmering altar of Xom.
    32 | D        | Found an ancient bone altar of Kikubaaqudgha.
    32 | D        | Found a sparkling altar of Nemelex Xobeh.
    33 | D        | Found a glowing golden altar of the Shining One.
    33 | D        | Found a bloodstained altar of Trog.
    33 | D        | Found a shattered altar of Ashenzari.
    33 | D        | Found a white marble altar of Elyvilon.
    33 | D        | Found a snail-covered altar of Cheibriados.
    33 | D        | Found a blossoming altar of Fedhas.
    33 | D        | Found a radiant altar of Vehumet.
    33 | D        | Found a glowing silver altar of Zin.
    33 | D        | Found a corrupted altar of Lugonu.
    33 | D        | Found a viscous altar of Jiyva.
    33 | D        | Found a roughly hewn altar of Beogh.
    33 | D        | Found an iron altar of Okawaru.
    61 | D        | Acquired Trog's second power
    65 | D        | Reached skill level 4 in Unarmed Combat
    65 | D        | Reached XP level 2. HP: 26/31 MP: 1/1
    81 | D        | Paralysed by a giant eyeball for 2 turns
    97 | D        | Noticed an iron imp
   111 | D        | Reached XP level 3. HP: 18/39 MP: 2/2
   113 | D        | Acquired Trog's third power
   116 | D        | Slain by an iron imp

Action                   || total
-------------------------++-------
Melee: Unarmed           ||    26
